ITL
BIRMINGHAM BARONS @ TOPEKA TORNADOS
05/16/2025
 
TOP OF THE 1ST
Birmingham Barons batting - Pitching for Topeka Tornados : RHP Flint Gray
Pitching: RHP Flint Gray
Batting: SHB Anastasio Ortíz 0-0: Ball
1-0: Called Strike
1-1: Ball
2-1: Foul Ball, location: 2F
2-2: Strikes out swinging
Batting: RHB Mario Hernández 0-0: Ball
1-0: Foul Ball, location: 2F
1-1: Ball
2-1: Ball
3-1: Base on Balls
Batting: LHB Glenn Garrett 0-0: Foul Ball, location: 2F
0-1: Ball
1-1: SINGLE (Line Drive, 6MD)
Mario Hernández to second
Batting: RHB Eric Johnson 0-0: Called Strike
0-1: Called Strike
0-2: Strikes out swinging
Batting: RHB Manny Sánchez 0-0: Called Strike
0-1: Foul Ball, location: 2F
0-2: Strikes out swinging
Top of the 1st over - 0 run(s), 1 hit(s), 0 error(s), 2 left on base; Birmingham 0 - Topeka 0
BOTTOM OF THE 1ST
Topeka Tornados batting - Pitching for Birmingham Barons : RHP Stanley Briggs
Pitching: RHP Stanley Briggs
Batting: SHB Shane Hutchinson 0-0: Foul Ball, location: 2F
0-1: Foul Ball, location: 2F
0-2: Ball
1-2: Fly out, F9 (Flyball, 9M)
Batting: RHB Will Sterling 0-0: Called Strike
0-1: Ball
1-1: SINGLE (Groundball, 56D)
Batting: RHB Norberto Taváres 0-0: Ball
1-0: Foul Ball, location: 2F
1-1: Ball
2-1: SINGLE (Line Drive, 6M)
Will Sterling to second
Batting: LHB Mike Callahan 0-0: Called Strike
0-1: Swinging Strike
0-2: Foul Ball, location: 2F
0-2: Ball
1-2: Ball
2-2: Foul Ball, location: 2F
2-2: 3-RUN HOME RUN (Flyball, 9LD), Distance : 346 ft
Batting: RHB Hamilton Holbrook 0-0: Called Strike
0-1: Foul Ball, location: 2F
0-2: Strikes out swinging
Batting: LHB Morgan Wright 0-0: Ball
1-0: Ball
2-0: Called Strike
2-1: Foul Ball, location: 2F
2-2: Ball
3-2: Fly out, F7 (Popup, 6D)
Bottom of the 1st over - 3 run(s), 3 hit(s), 0 error(s), 0 left on base; Birmingham 0 - Topeka 3
TOP OF THE 2ND
Birmingham Barons batting - Pitching for Topeka Tornados : RHP Flint Gray
Batting: RHB Júlio Pacheco 0-0: Swinging Strike
0-1: Ball
1-1: Swinging Strike
1-2: Ball
2-2: Ground out 6-3 (Groundball, 6M)
Batting: LHB John Haney 0-0: Called Strike
0-1: Foul Ball, location: 2F
0-2: Ball
1-2: SINGLE (Line Drive, 6D)
Batting: RHB Ingo Backx 0-0: TRIPLE (Line Drive, 89M)
John Haney scores
Batting: RHB David Raymos 0-0: Foul Ball, location: 2F
0-1: Swinging Strike
0-2: Strikes out looking
Batting: SHB Anastasio Ortíz 0-0: Called Strike
0-1: Ground out 4-3 (Groundball, 4)
Top of the 2nd over - 1 run(s), 2 hit(s), 0 error(s), 1 left on base; Birmingham 1 - Topeka 3
BOTTOM OF THE 2ND
Topeka Tornados batting - Pitching for Birmingham Barons : RHP Stanley Briggs
Batting: LHB Yoshiaki Ohayashi 0-0: Foul Ball, location: 2F
0-1: Ball
1-1: Swinging Strike
1-2: Foul Ball, location: 2F
1-2: Foul Ball, location: 2F
1-2: Ball
2-2: Ball
3-2: Base on Balls
Batting: RHB Cho-yun Qiao 0-0: Ball
1-0: Called Strike
1-1: Ball
2-1: Ball
3-1: Base on Balls
Yoshiaki Ohayashi to second
Batting: RHB Danny Reed 0-0: Called Strike
0-1: Ball
1-1: SINGLE (Line Drive, 4MD)
Yoshiaki Ohayashi to third
Cho-yun Qiao to second
Batting: SHB Shane Hutchinson 0-0: Called Strike
0-1: Swinging Strike
0-2: Ball
1-2: Ball
2-2: Foul Ball, location: 2F
2-2: Foul Ball, location: 2F
2-2: Strikes out swinging
Batting: RHB Will Sterling 0-0: Swinging Strike
0-1: Foul Ball, location: 2F
0-2: Strikes out swinging
Batting: RHB Norberto Taváres 0-0: Called Strike
0-1: Foul Ball, location: 2F
0-2: Ball
1-2: Ground out 5-3 (Groundball, 5L)
Bottom of the 2nd over - 0 run(s), 1 hit(s), 0 error(s), 3 left on base; Birmingham 1 - Topeka 3
TOP OF THE 3RD
Birmingham Barons batting - Pitching for Topeka Tornados : RHP Flint Gray
Batting: RHB Mario Hernández 0-0: Ball
1-0: Ball
2-0: Called Strike
2-1: Called Strike
2-2: Strikes out swinging
Batting: LHB Glenn Garrett 0-0: Ball
1-0: Called Strike
1-1: Ball
2-1: Swinging Strike
2-2: Ball
3-2: Base on Balls
Batting: RHB Eric Johnson 0-0: Called Strike
0-1: Fly out, F9 (Line Drive, 89XD)
Runner from 1st tags up, SAFE at 2nd
Batting: RHB Manny Sánchez 0-0: Swinging Strike
0-1: Swinging Strike
0-2: Strikes out looking
Top of the 3rd over - 0 run(s), 0 hit(s), 0 error(s), 1 left on base; Birmingham 1 - Topeka 3
BOTTOM OF THE 3RD
Topeka Tornados batting - Pitching for Birmingham Barons : RHP Stanley Briggs
Batting: LHB Mike Callahan 0-0: SOLO HOME RUN (Flyball, 9LD), Distance : 338 ft
Batting: RHB Hamilton Holbrook 0-0: Ball
1-0: Ground out 5-3 (Groundball, 5S)
Batting: LHB Morgan Wright 0-0: Ball
1-0: Swinging Strike
1-1: Ball
2-1: Fly out, F8 (Flyball, 8LM)
Batting: LHB Yoshiaki Ohayashi 0-0: Foul Ball, location: 2F
0-1: Ball
1-1: Swinging Strike
1-2: Ball
2-2: Fly out, F9 (Flyball, 89D)
Bottom of the 3rd over - 1 run(s), 1 hit(s), 0 error(s), 0 left on base; Birmingham 1 - Topeka 4
TOP OF THE 4TH
Birmingham Barons batting - Pitching for Topeka Tornados : RHP Flint Gray
Batting: RHB Júlio Pacheco 0-0: DOUBLE (Flyball, 78XD)
Batting: LHB John Haney 0-0: Ball
1-0: Called Strike
1-1: Ground out 5-3 (Groundball, 5S)
Júlio Pacheco to third
Batting: RHB Ingo Backx 0-0: Called Strike
0-1: Foul Ball, location: 2F
0-2: Ball
1-2: Fly out, F6 (Popup, 6M)
Batting: RHB David Raymos 0-0: Called Strike
0-1: Foul Ball, location: 2F
0-2: Ball
1-2: Strikes out swinging
Top of the 4th over - 0 run(s), 1 hit(s), 0 error(s), 1 left on base; Birmingham 1 - Topeka 4
BOTTOM OF THE 4TH
Topeka Tornados batting - Pitching for Birmingham Barons : RHP Stanley Briggs
Batting: RHB Cho-yun Qiao 0-0: Ball
1-0: Called Strike
1-1: Fly out, F9 (Flyball, 9S)
Batting: RHB Danny Reed 0-0: Swinging Strike
0-1: DOUBLE (Line Drive, 3L)
Batting: SHB Shane Hutchinson 0-0: Called Strike
0-1: Foul Ball, location: 2F
0-2: Strikes out swinging
Batting: RHB Will Sterling 0-0: Ball
1-0: Swinging Strike
1-1: Foul Ball, location: 2F
1-2: Ball
2-2: Fly out, F8 (Flyball, 8LM)
Bottom of the 4th over - 0 run(s), 1 hit(s), 0 error(s), 1 left on base; Birmingham 1 - Topeka 4
TOP OF THE 5TH
Birmingham Barons batting - Pitching for Topeka Tornados : RHP Flint Gray
Batting: SHB Anastasio Ortíz 0-0: Ball
1-0: Ball
2-0: Ball
3-0: Base on Balls
Batting: RHB Mario Hernández 0-0: Swinging Strike
Anastasio Ortíz steals 2nd base
0-1: SINGLE (Groundball, 3)
Anastasio Ortíz to third
Runner from 3rd tries for Home, SAFE, no throw or cutoff
Batting: LHB Glenn Garrett 0-0: Called Strike
0-1: Reached on error, E5 (Groundball, 5S)
Mario Hernández to third
Batting: RHB Eric Johnson 0-0: Called Strike
0-1: Swinging Strike
0-2: Ball
1-2: Fly out, F8 (Flyball, 8RM)
Runner from 3rd tags up, OUT at HOME
Glenn Garrett to third
Batting: RHB Manny Sánchez 0-0: Ball
1-0: Called Strike
1-1: Ball
2-1: Foul Ball, location: 2F
2-2: Foul Ball, location: 2F
2-2: Strikes out looking
Top of the 5th over - 1 run(s), 1 hit(s), 1 error(s), 1 left on base; Birmingham 2 - Topeka 4
BOTTOM OF THE 5TH
Topeka Tornados batting - Pitching for Birmingham Barons : RHP Stanley Briggs
Batting: RHB Norberto Taváres 0-0: Ball
1-0: Ball
2-0: Ball
3-0: Base on Balls
Batting: LHB Mike Callahan 0-0: Ball
1-0: DOUBLE (Flyball, 78XD)
Norberto Taváres to third
Runner from 3rd tries for Home, SAFE, no throw or cutoff
Batting: RHB Hamilton Holbrook 0-0: Called Strike
0-1: SINGLE (Line Drive, 7LS)
Mike Callahan to third
Runner from 3rd tries for Home, throw and OUT!
Hamilton Holbrook to second
Batting: LHB Morgan Wright 0-0: Ball
1-0: Ball
2-0: Called Strike
2-1: Ball
3-1: Base on Balls
Batting: LHB Yoshiaki Ohayashi 0-0: Swinging Strike
0-1: Called Strike
0-2: Strikes out swinging
Batting: RHB Cho-yun Qiao 0-0: Called Strike
0-1: Ball
1-1: Called Strike
1-2: Foul Ball, location: 2F
1-2: Foul Ball, location: 2F
1-2: Strikes out looking
Bottom of the 5th over - 1 run(s), 2 hit(s), 0 error(s), 2 left on base; Birmingham 2 - Topeka 5
TOP OF THE 6TH
Birmingham Barons batting - Pitching for Topeka Tornados : RHP Flint Gray
Batting: RHB Júlio Pacheco 0-0: Ball
1-0: SINGLE (Line Drive, 6D)
Batting: LHB John Haney 0-0: 2-RUN HOME RUN (Flyball, 89XD), Distance : 389 ft
Batting: RHB Ingo Backx 0-0: Ball
1-0: Ball
2-0: Called Strike
2-1: Fly out, F3 (Popup, 23F)
Batting: RHB David Raymos 0-0: SOLO HOME RUN (Flyball, 78XD), Distance : 387 ft
Batting: SHB Anastasio Ortíz 0-0: Called Strike
0-1: Ball
1-1: Foul Ball, location: 2F
1-2: SINGLE (Line Drive, 5D)
Batting: RHB Mario Hernández 0-0: Called Strike
0-1: Ball
1-1: Foul Ball, location: 2F
1-2: Ground out 6-3 (Groundball, 6)
Anastasio Ortíz to second
Batting: LHB Glenn Garrett 0-0: Called Strike
0-1: Foul Ball, location: 2F
0-2: Strikes out looking
Top of the 6th over - 3 run(s), 4 hit(s), 0 error(s), 1 left on base; Birmingham 5 - Topeka 5
BOTTOM OF THE 6TH
Topeka Tornados batting - Pitching for Birmingham Barons : RHP Stanley Briggs
Pitching: RHP Domingo Ortíz
Batting: RHB Danny Reed 0-0: Ball
1-0: Foul Ball, location: 2F
1-1: Ball
2-1: Foul Ball, location: 2F
2-2: Ball
3-2: Fly out, F8 (Flyball, 8RM)
Batting: SHB Shane Hutchinson 0-0: Fly out, F8 (Flyball, 8RS)
Batting: RHB Will Sterling 0-0: Ball
1-0: Ball
2-0: Called Strike
2-1: SINGLE (Line Drive, 56)
Batting: RHB Norberto Taváres 0-0: Ball
1-0: Foul Ball, location: 2F
1-1: Foul Ball, location: 2F
1-2: Ball
2-2: Ball
3-2: DOUBLE (Groundball, 5L)
Will Sterling to third
Will Sterling scores
Batting: LHB Mike Callahan 0-0: Ball
1-0: Foul Ball, location: 2F
1-1: Ball
2-1: SINGLE (Line Drive, 6M)
Norberto Taváres to third
Runner from 3rd tries for Home, SAFE, no throw or cutoff
Batting: RHB Hamilton Holbrook 0-0: Ball
1-0: Called Strike
1-1: Called Strike
1-2: Strikes out swinging
Bottom of the 6th over - 2 run(s), 3 hit(s), 0 error(s), 1 left on base; Birmingham 5 - Topeka 7
TOP OF THE 7TH
Birmingham Barons batting - Pitching for Topeka Tornados : RHP Flint Gray
Pitching: RHP Gerald Hood
Batting: RHB Eric Johnson 0-0: Ball
1-0: Foul Ball, location: 2F
1-1: Ground out 5-3 (Groundball, 5S)
Batting: RHB Manny Sánchez 0-0: Swinging Strike
0-1: Swinging Strike
0-2: Ball
1-2: Strikes out swinging
Batting: RHB Júlio Pacheco 0-0: Ball
1-0: SINGLE (Line Drive, 4MD)
Batting: LHB John Haney 0-0: Ball
1-0: Foul Ball, location: 2F
1-1: Foul Ball, location: 2F
1-2: Ball
2-2: Foul Ball, location: 2F
2-2: Ball
3-2: Foul Ball, location: 2F
3-2: Base on Balls
Júlio Pacheco to second
Batting: RHB Ingo Backx 0-0: Ball
1-0: Ball
2-0: Ball
3-0: Called Strike
3-1: Fly out, F9 (Flyball, 89M)
Top of the 7th over - 0 run(s), 1 hit(s), 0 error(s), 2 left on base; Birmingham 5 - Topeka 7
BOTTOM OF THE 7TH
Topeka Tornados batting - Pitching for Birmingham Barons : RHP Domingo Ortíz
Batting: LHB Morgan Wright 0-0: Foul Ball, location: 2F
0-1: Ball
1-1: Ball
2-1: Foul Ball, location: 2F
2-2: Foul Ball, location: 2F
2-2: Ball
3-2: Foul Ball, location: 2F
3-2: Ground out 5-3 (Groundball, 5)
Pitching: LHP Manuel Soto
Batting: LHB Yoshiaki Ohayashi 0-0: Ball
1-0: Ground out 4-3 (Groundball, 4)
Batting: RHB Cho-yun Qiao 0-0: Ball
1-0: SINGLE (Line Drive, 56D)
Batting: RHB Danny Reed 0-0: Ball
Cho-yun Qiao is caught stealing 2nd base
Bottom of the 7th over - 0 run(s), 1 hit(s), 0 error(s), 0 left on base; Birmingham 5 - Topeka 7
TOP OF THE 8TH
Birmingham Barons batting - Pitching for Topeka Tornados : RHP Gerald Hood
Batting: RHB David Raymos 0-0: Swinging Strike
0-1: Ball
1-1: Called Strike
1-2: Strikes out swinging
Batting: SHB Anastasio Ortíz 0-0: Fly out, F7 (Flyball, 78M)
Batting: RHB Mario Hernández 0-0: Ball
1-0: Foul Ball, location: 2F
1-1: Swinging Strike
1-2: Ball
2-2: Foul Ball, location: 2F
2-2: Strikes out swinging
Top of the 8th over - 0 run(s), 0 hit(s), 0 error(s), 0 left on base; Birmingham 5 - Topeka 7
BOTTOM OF THE 8TH
Topeka Tornados batting - Pitching for Birmingham Barons : LHP Manuel Soto
Batting: RHB Danny Reed 0-0: Called Strike
0-1: Swinging Strike
0-2: Ball
1-2: Strikes out looking
Batting: SHB Shane Hutchinson 0-0: Called Strike
0-1: Ball
1-1: Foul Ball, location: 2F
1-2: Foul Ball, location: 2F
1-2: Foul Ball, location: 2F
1-2: Fly out, F7 (Flyball, 7M)
Batting: RHB Will Sterling 0-0: Ball
1-0: Ball
2-0: Called Strike
2-1: Ball
3-1: Foul Ball, location: 2F
3-2: Base on Balls
Batting: RHB Norberto Taváres 0-0: Foul Ball, location: 2F
0-1: Ball
1-1: Ball
2-1: Ball
3-1: Called Strike
3-2: Foul Ball, location: 2F
3-2: Ground out 1-3 (Groundball, 15)
Bottom of the 8th over - 0 run(s), 0 hit(s), 0 error(s), 1 left on base; Birmingham 5 - Topeka 7
TOP OF THE 9TH
Birmingham Barons batting - Pitching for Topeka Tornados : RHP Gerald Hood
Pitching: RHP Víctor López
Batting: LHB Glenn Garrett 0-0: Called Strike
0-1: Ball
1-1: Ground out 6-3 (Groundball, 6M)
Batting: RHB Eric Johnson 0-0: Ball
1-0: Swinging Strike
1-1: Swinging Strike
1-2: Ball
2-2: Ball
3-2: Base on Balls
Batting: RHB Manny Sánchez 0-0: Ball
1-0: Swinging Strike
1-1: Ball
2-1: Swinging Strike
2-2: Strikes out swinging
Pitching: RHP Javier Valenzuela
Batting: RHB Júlio Pacheco 0-0: SINGLE (Line Drive, 6D)
Eric Johnson to second
Pinch Hitting: LHB Lee Reeves 0-0: Foul Ball, location: 2F
0-1: Ball
1-1: Ball
2-1: Ball
3-1: Foul Ball, location: 2F
3-2: Base on Balls
Eric Johnson to third
Júlio Pacheco to second
Batting: RHB Ingo Backx 0-0: Ball
1-0: Ball
2-0: Called Strike
2-1: Ball
3-1: Swinging Strike
3-2: Foul Ball, location: 2F
3-2: Foul Ball, location: 2F
3-2: Foul Ball, location: 2F
3-2: Base on Balls
Eric Johnson scores
Júlio Pacheco to third
Lee Reeves to second
Pinch Hitting: RHB Juan Jiménez 0-0: Foul Ball, location: 2F
0-1: Swinging Strike
0-2: Ball
1-2: Ball
2-2: SINGLE (Line Drive, 6M)
Júlio Pacheco scores
Lee Reeves to third
Ingo Backx to second
Batting: SHB Anastasio Ortíz 0-0: Ball
1-0: Called Strike
1-1: Foul Ball, location: 2F
1-2: Strikes out looking
Top of the 9th over - 2 run(s), 2 hit(s), 0 error(s), 3 left on base; Birmingham 7 - Topeka 7
BOTTOM OF THE 9TH
Topeka Tornados batting - Pitching for Birmingham Barons : LHP Manuel Soto
Pitching: LHP Richard Simpson
Now at C: Vicente Carona
Now at 3B: Juan Jiménez
Batting: LHB Mike Callahan 0-0: Ball
1-0: Ball
2-0: Foul Ball, location: 2F
2-1: Ball
3-1: Foul Ball, location: 2F
3-2: Base on Balls
Batting: RHB Hamilton Holbrook 0-0: Foul Ball, location: 2F
0-1: Ball
1-1: Foul Ball, location: 2F
1-2: Foul Ball, location: 2F
1-2: Strikes out looking
Pinch Hitting: RHB Gabriel Santana 0-0: Ball
1-0: Called Strike
1-1: Swinging Strike
1-2: Ball
2-2: Ball
3-2: Fly out, F7 (Flyball, 78M)
Batting: LHB Yoshiaki Ohayashi 0-0: Foul Ball, location: 2F
0-1: Foul Ball, location: 2F
0-2: Ball
1-2: Foul Ball, location: 2F
1-2: Foul Ball, location: 2F
1-2: Ground out 4-3 (Groundball, 4)
Bottom of the 9th over - 0 run(s), 0 hit(s), 0 error(s), 1 left on base; Birmingham 7 - Topeka 7
TOP OF THE 10TH
Birmingham Barons batting - Pitching for Topeka Tornados : RHP Javier Valenzuela
Now at 1B: Gabriel Santana
Batting: RHB Mario Hernández 0-0: Called Strike
0-1: SINGLE (Flyball, 8RS)
Batting: LHB Glenn Garrett 0-0: Swinging Strike
0-1: Ball
1-1: Ball
2-1: Ground out 4-3 (Groundball, 4M)
Mario Hernández to second
Batting: RHB Eric Johnson 0-0: Ball
1-0: Foul Ball, location: 2F
1-1: Ground out 4-3 (Groundball, 34)
Mario Hernández to third
Batting: RHB Manny Sánchez 0-0: Ball
1-0: Foul Ball, location: 2F
1-1: Ball
2-1: Called Strike
2-2: Strikes out swinging
Top of the 10th over - 0 run(s), 1 hit(s), 0 error(s), 1 left on base; Birmingham 7 - Topeka 7
BOTTOM OF THE 10TH
Topeka Tornados batting - Pitching for Birmingham Barons : LHP Richard Simpson
Batting: RHB Cho-yun Qiao 0-0: Foul Ball, location: 2F
0-1: Called Strike
0-2: Ball
1-2: Ball
2-2: Foul Ball, location: 2F
2-2: Ball
3-2: Fly out, F6 (Popup, 5)
Batting: RHB Danny Reed 0-0: Ball
1-0: Ball
2-0: Foul Ball, location: 2F
2-1: Foul Ball, location: 2F
2-2: Foul Ball, location: 2F
2-2: Strikes out swinging
Batting: SHB Shane Hutchinson 0-0: Called Strike
0-1: Ball
1-1: Called Strike
1-2: Ball
2-2: Strikes out swinging
Bottom of the 10th over - 0 run(s), 0 hit(s), 0 error(s), 0 left on base; Birmingham 7 - Topeka 7
TOP OF THE 11TH
Birmingham Barons batting - Pitching for Topeka Tornados : RHP Javier Valenzuela
Batting: RHB Júlio Pacheco 0-0: Ball
1-0: Called Strike
1-1: Fly out, F3 (Popup, 34)
Batting: RHB Vicente Carona 0-0: Ball
1-0: Ball
2-0: Ball
3-0: Called Strike
3-1: SINGLE (Groundball, 6MD)
Batting: RHB Ingo Backx 0-0: Ball
1-0: Ball
2-0: Called Strike
2-1: Swinging Strike
2-2: Foul Ball, location: 2F
2-2: Ball
3-2: Fly out, F8 (Flyball, 8RD)
Batting: RHB Juan Jiménez 0-0: Called Strike
0-1: Foul Ball, location: 2F
0-2: Strikes out swinging
Top of the 11th over - 0 run(s), 1 hit(s), 0 error(s), 1 left on base; Birmingham 7 - Topeka 7
BOTTOM OF THE 11TH
Topeka Tornados batting - Pitching for Birmingham Barons : LHP Richard Simpson
Pitching: RHP Jim Hicks
Pinch Hitting: LHB Yasuhiko Onodera 0-0: Ball
1-0: Swinging Strike
1-1: Foul Ball, location: 2F
1-2: Ball
2-2: TRIPLE (Flyball, 9LM)
Batting: RHB Norberto Taváres 0-0: Called Strike
0-1: Fly out, F7 (Flyball, 56D)
Runner from 3rd tags up, SCORES, throw made
This league is powered by Out of the Park Baseball, the baseball management simulation game for PC, Mac and Linux
Tuesday, August 2nd, 2016 - OOTP Baseball 16.8 Build 38